[Event "Titled Tuesday Blitz April 05 Early 2022"]
[White "Koridze, Lile"]
[Black "Iljin, Timofey"]
[WhiteFideId "13612514"]
[BlackFideId "14110180"]
[WhiteElo "2050"]
[BlackElo "2396"]
[Result "1-0"]
[Round "09"]
[TimeControl "180+1"]
[Date "2022.04.05"]
[WhiteClock "0:00:22"]
[BlackClock "0:00:02"]

1. d4 d5 2. c4 e6 3. Nc3 Bb4 4. e3 Nf6 5. Bd3 O-O 6. Ne2 b6 7. O-O Ba6 8. cxd5 exd5 9. a3 Bxd3 10. Qxd3 Bd6 11. h3 a6 12. e4 dxe4 13. Nxe4 Nxe4 14. Qxe4 Nd7 15. Qc2 Re8 16. Nc3 Qf6 17. Be3 Qe6 18. Rfe1 Nf6 19. Qd2 Qb3 20. Re2 Nd5 21. Rae1 Nxc3 22. bxc3 Bxa3 23. Bf4 Rxe2 24. Rxe2 Qc4 25. Re1 h6 26. Qe3 Bf8 27. Qg3 Kh7 28. Bxc7 b5 29. Re4 a5 30. Rg4 a4 31. Be5 f6 32. Qf3 Ra6 33. Qf5+ Kh8 34. Bf4 Qxc3 35. Qd5 Qe1+ 36. Kh2 Qe6 37. Qxb5 a3 38. d5 Rb6 39. Qa5 Ra6 40. Qd8 Qe7 41. Qc8 Rd6 42. Bxd6 Qxd6+ 43. g3 a2 44. Qa8 Qc5 45. Kg2 Qc1 46. Qxf8+ Kh7 47. Qxg7# 1-0


[Site "https://www.chess.com"]

[Event "Titled Tuesday Blitz April 05 Early 2022"]
[White "Kostina, Nadezhda"]
[Black "Saim, Mohamed Ilias"]
[WhiteFideId "4195876"]
[BlackFideId "7900465"]
[WhiteElo "1982"]
[BlackElo "2006"]
[Result "1-0"]
[Round "09"]
[TimeControl "180+1"]
[Date "2022.04.05"]
[WhiteClock "0:01:17"]
[BlackClock "0:00:15"]

1. e4 c6 2. d4 d5 3. e5 Bf5 4. h4 h5 5. Bd3 Bxd3 6. Qxd3 e6 7. Nf3 Ne7 8. Nbd2 Nd7 9. Nf1 g6 10. Bg5 Qa5+ 11. c3 c5 12. Bxe7 Bxe7 13. Ng5 cxd4 14. Qxd4 Bc5 15. Qf4 O-O 16. b4 Qa3 17. Nd2 Qxc3 18. O-O Bxb4 19. Ndf3 Be7 20. Rac1 Qb4 21. Qg3 Rac8 22. Nxe6 fxe6 23. Qxg6+ Kh8 24. Qh6+ Kg8 25. Qxe6+ Rf7 26. Rxc8+ 1-0


[Site "https://www.chess.com"]

[Event "Titled Tuesday Blitz April 05 Early 2022"]
[White "Kostiukov, Alexandr"]
[Black "Cagara, Paulina"]
[WhiteFideId "14108100"]
[BlackFideId "1124870"]
[WhiteElo "2202"]
[BlackElo "1780"]
[Result "1-0"]
[Round "09"]
[TimeControl "180+1"]
[Date "2022.04.05"]
[WhiteClock "0:00:17"]
[BlackClock "0:00:02"]

1. g3 d5 2. Bg2 f5 3. f4 e6 4. Nf3 c5 5. O-O Nc6 6. d3 Nf6 7. Nbd2 Bd6 8. h3 O-O 9. e4 dxe4 10. dxe4 fxe4 11. Ng5 e3 12. Nde4 e2 13. Qxe2 Nd4 14. Qd1 Be7 15. Be3 Nxe4 16. Nxe4 b6 17. Nxc5 Bxc5 18. Bxa8 Ba6 19. Be4 Bxf1 20. Qxf1 e5 21. Qc4+ Kh8 22. Kg2 exf4 23. Bxf4 Rxf4 24. gxf4 Qe7 25. Qd5 g6 26. c3 Nf5 27. Qe5+ Qxe5 28. fxe5 Ne3+ 29. Kf3 Nc4 30. b3 Nxe5+ 31. Kf4 Nf7 32. Rd1 Kg7 33. Rd7 Kf6 34. Rxa7 h5 35. h4 Bd6+ 36. Ke3 Ne5 37. Kd4 Bc5+ 38. Kd5 Ng4 39. b4 Ne3+ 40. Kc6 Bf8 41. a4 Ke5 42. Bxg6 Nd5 43. c4 Nxb4+ 44. Kxb6 Na2 45. Kb5 Nc3+ 46. Ka6 Nxa4 47. Bxh5 Nc5+ 48. Kb5 Nb3 49. Rf7 Nd4+ 50. Kb6 Bd6 51. Bg6 Ke6 52. Rf1 Nb3 53. h5 1-0


[Site "https://www.chess.com"]

[Event "Titled Tuesday Blitz April 05 Early 2022"]
[White "Krishna, C R G"]
[Black "Baches Garcia, Guillermo"]
[WhiteFideId "5018625"]
[BlackFideId "2209764"]
[WhiteElo "2332"]
[BlackElo "2492"]
[Result "1-0"]
[Round "09"]
[TimeControl "180+1"]
[Date "2022.04.05"]
[WhiteClock "0:00:11"]
[BlackClock "0:00:25"]

1. e4 c5 2. Nc3 d6 3. f4 Nc6 4. Nf3 g6 5. Bc4 Bg7 6. O-O e6 7. d3 Nge7 8. Qe1 O-O 9. f5 Nd4 10. Nxd4 cxd4 11. f6 dxc3 12. fxg7 Kxg7 13. Qxc3+ f6 14. Be3 Nc6 15. Qd2 Rf7 16. Rf2 Ne5 17. Bb3 Ng4 18. Rf3 Nxe3 19. Qxe3 Bd7 20. Raf1 Qe7 21. h4 Raf8 22. h5 g5 23. h6+ Kxh6 24. Qxa7 Bc6 25. Qd4 Kg7 26. Rg3 h6 27. Rgf3 Kg6 28. R3f2 Bd7 29. c3 Bc6 30. Qe3 Kg7 31. d4 d5 32. exd5 exd5 33. Qd3 Qd7 34. Bc2 f5 35. Rxf5 Rxf5 36. Rxf5 Rxf5 37. Qxf5 Qxf5 38. Bxf5 Kf6 39. Bc8 h5 40. Kf2 g4 41. a4 Bxa4 42. Bxb7 Bb3 43. g3 Kg5 44. Bc8 h4 45. gxh4+ Kxh4 46. Be6 Bc4 47. Bg8 Bd3 48. Bxd5 Kh3 49. Kg1 Kg3 50. b4 Kf4 51. Bc6 Ke3 52. b5 Kd2 53. b6 Ba6 54. b7 Bxb7 55. Bxb7 Kxc3 56. d5 Kd4 57. d6 Ke5 58. d7 Kd6 59. d8=Q+ 1-0


[Site "https://www.chess.com"]

[Event "Titled Tuesday Blitz April 05 Early 2022"]
[White "Krysa, Leandro"]
[Black "Becerra, Juan David"]
[WhiteFideId "116807"]
[BlackFideId "4404998"]
[WhiteElo "2490"]
[BlackElo "2277"]
[Result "1-0"]
[Round "09"]
[TimeControl "180+1"]
[Date "2022.04.05"]
[WhiteClock "0:00:32"]
[BlackClock "0:00:04"]

1. e4 e5 2. Nf3 Nc6 3. Bb5 a6 4. Ba4 d6 5. O-O Bd7 6. c4 Nf6 7. d4 Nxd4 8. Bxd7+ Nxd7 9. Nxd4 exd4 10. Qxd4 Qf6 11. Qxf6 Nxf6 12. Nc3 g6 13. f3 Bg7 14. Be3 O-O 15. Rac1 Rfc8 16. b3 Ne8 17. Nd5 Kf8 18. c5 Nf6 19. c6 b6 20. Rfd1 Nxd5 21. Rxd5 Bb2 22. Rc2 Ba3 23. Kf1 Bc5 24. Bd2 a5 25. Ke2 b5 26. Be3 Ra6 27. Bxc5 Rxc6 28. Bxd6+ cxd6 29. Rxc6 Rxc6 30. Kd2 Rb6 31. g4 Ke7 32. h4 Kd7 33. h5 Kc6 34. Ke3 Rb8 35. Kf4 Ra8 36. a4 Rb8 37. Kg5 bxa4 38. bxa4 Rb3 39. Kf4 f6 40. Rxa5 g5+ 41. Kg3 Kd7 42. Ra7+ Ke6 43. Rxh7 Ra3 44. Ra7 Ra2 45. a5 1-0


[Site "https://www.chess.com"]

[Event "Titled Tuesday Blitz April 05 Early 2022"]
[White "Lehtosaari, Mauri"]
[Black "Jaskolka, Tomasz"]
[WhiteFideId "501999"]
[BlackFideId "1170791"]
[WhiteElo "2537"]
[BlackElo "2073"]
[Result "0-1"]
[Round "09"]
[TimeControl "180+1"]
[Date "2022.04.05"]
[WhiteClock "0:00:36"]
[BlackClock "0:00:16"]

1. d4 e6 2. Nf3 Nf6 3. g3 b6 4. Bg2 Bb7 5. O-O d6 6. b3 Be7 7. Bb2 Nbd7 8. Nbd2 O-O 9. c4 Ne4 10. Nxe4 Bxe4 11. Rc1 f5 12. b4 d5 13. c5 a5 14. a3 axb4 15. axb4 b5 16. Ne1 Bxg2 17. Nxg2 Bg5 18. Ra1 c6 19. Qc2 Qc7 20. Rxa8 Rxa8 21. Bc1 Bxc1 22. Rxc1 g6 23. Nf4 e5 24. Ne6 Qa7 25. Qd2 e4 26. Qg5 Nf8 27. Nxf8 Rxf8 28. h4 Qa3 29. Rb1 Qc3 30. Qe7 Qxd4 31. Qe6+ Kh8 32. Qxc6 f4 33. gxf4 e3 34. Rf1 Qxf4 35. Qxd5 exf2+ 36. Kg2 Qg4+ 37. Kh2 Qxh4+ 38. Kg2 Rf5 39. Qa8+ Kg7 40. Qb7+ Kh6 41. Rxf2 Rxf2+ 42. Kg1 Qh2# 0-1


[Site "https://www.chess.com"]

[Event "Titled Tuesday Blitz April 05 Early 2022"]
[White "Madaminov, Mukhiddin"]
[Black "Petrovic, Aleksa"]
[WhiteFideId "14210703"]
[BlackFideId "967629"]
[WhiteElo "1916"]
[BlackElo "2198"]
[Result "1-0"]
[Round "09"]
[TimeControl "180+1"]
[Date "2022.04.05"]
[WhiteClock "0:01:20"]
[BlackClock "0:00:06"]

1. e4 c5 2. Nf3 e6 3. d4 cxd4 4. Nxd4 a6 5. c4 Nf6 6. Nc3 Qc7 7. Bd3 Nc6 8. Be3 Ne5 9. Qe2 b6 10. O-O Nfg4 11. Bf4 Bd6 12. Ndb5 axb5 13. Nxb5 Qb8 14. Nxd6+ Qxd6 15. Qxg4 Nxg4 16. Bxd6 Bb7 17. f3 Nh6 18. Bc7 f5 19. Bxb6 fxe4 20. Bxe4 Bxe4 21. fxe4 Ke7 22. a4 Nf7 23. a5 Ne5 24. b3 d6 25. Rfd1 Rhc8 26. Ra2 Nd7 27. Bd4 e5 28. Be3 Nc5 29. Bxc5 Rxc5 30. Rd5 Kd7 31. Kf2 Kc6 32. Ke3 Rxd5 33. exd5+ Kc5 34. Kd3 Kb4 35. Kc2 Rf8 36. Ra4+ Kc5 37. Kc3 1-0


[Site "https://www.chess.com"]

[Event "Titled Tuesday Blitz April 05 Early 2022"]
[White "Manolache, Marius"]
[Black "Rottenwohrer Suarez, Juan"]
[WhiteFideId "1201530"]
[BlackFideId "32068182"]
[WhiteElo "2364"]
[BlackElo "2158"]
[Result "1/2-1/2"]
[Round "09"]
[TimeControl "180+1"]
[Date "2022.04.05"]
[WhiteClock "0:00:07"]
[BlackClock "0:00:05"]

1. d4 Nf6 2. Bg5 Ne4 3. Bf4 c5 4. f3 Qa5+ 5. c3 Nf6 6. d5 e6 7. e4 exd5 8. exd5 d6 9. Na3 Be7 10. Ne2 O-O 11. Ng3 Re8 12. Be2 a6 13. Nc4 Qc7 14. a4 b6 15. a5 b5 16. Nb6 Ra7 17. O-O Bb7 18. c4 Nbd7 19. Nxd7 Qxd7 20. b3 g6 21. Re1 Bf8 22. Bd3 Raa8 23. Rxe8 Rxe8 24. Qd2 Bg7 25. Re1 h5 26. h4 Bc8 27. Re2 b4 28. Qe1 Rxe2 29. Qxe2 Ne8 30. Ne4 Qd8 31. Bg3 Bf5 32. Ng5 Bd4+ 33. Kh2 Bxd3 34. Qxd3 Qxa5 35. Qe2 Qd8 36. Ne4 Kg7 37. Qa2 a5 38. Qa4 Bf6 39. Kh3 Qc8+ 40. Kh2 Qd8 41. Qc6 Bxh4 42. Bxd6 Nxd6 43. Nxd6 Bg5 44. Ne4 Bf4+ 45. g3 Be5 46. f4 Bd4 47. Nxc5 h4 48. Ne4 hxg3+ 49. Kxg3 Qh8 50. d6 Qh1 51. Qd5 Qg1+ 52. Kh3 Qh1+ 53. Kg3 Qg1+ 54. Kf3 Qf1+ 55. Kg3 Qg1+ 1/2-1/2


[Site "https://www.chess.com"]

[Event "Titled Tuesday Blitz April 05 Early 2022"]
[White "Manukian, Artak"]
[Black "Golubeva, Oksana"]
[WhiteFideId "13301373"]
[BlackFideId "4170164"]
[WhiteElo "2363"]
[BlackElo "2162"]
[Result "0-1"]
[Round "09"]
[TimeControl "180+1"]
[Date "2022.04.05"]
[WhiteClock "0:00:01"]
[BlackClock "0:00:03"]

1. e4 e6 2. d4 d5 3. e5 c5 4. c3 Nc6 5. Nf3 Qb6 6. a3 c4 7. Nbd2 Na5 8. Rb1 Bd7 9. g3 Nb3 10. Nxb3 Ba4 11. Nfd2 Ne7 12. Bh3 Nc6 13. O-O Na5 14. f4 g6 15. Bg2 h5 16. h3 O-O-O 17. Qe2 Nxb3 18. Nxb3 Qxb3 19. Be3 Qc2 20. Rbe1 Bh6 21. Rf2 Qxe2 22. Rfxe2 Rhg8 23. Rf1 a5 24. Kh2 Kc7 25. g4 hxg4 26. hxg4 Rh8 27. Kg3 Rh7 28. Rh1 Rdh8 29. Rh3 Bf8 30. Rxh7 Rxh7 31. f5 gxf5 32. gxf5 Rg7+ 33. Kh2 Rxg2+ 34. Rxg2 exf5 35. Rg8 Be7 36. Bg5 Bxg5 37. Rxg5 Bd7 38. Kg3 Kb6 39. Rg8 Kb5 40. Rb8 b6 41. Kf4 Be6 42. Kg5 Kc6 43. Kf6 f4 44. Rg8 Kb5 45. Rg1 Ka4 46. Rf1 Kb3 47. Rxf4 Kxb2 48. Ke7 Kxc3 49. Rxf7 Bxf7 50. Kxf7 Kxd4 51. e6 c3 52. e7 c2 53. e8=Q c1=Q 54. Qh8+ Kd3 55. Qh3+ Kc2 56. Qg2+ Qd2 57. Qg6+ Qd3 58. Qxb6 d4 59. Qxa5 Qb3+ 60. Kf6 Qc3 61. Qf5+ d3+ 62. Kg5 Qg7+ 63. Kf4 Qg2 64. Qc5+ Kd1 65. Qc3 d2 66. Qb3+ Ke1 67. Qe3+ Qe2 68. Qc3 Qf2+ 69. Ke4 Qg2+ 70. Kf4 Qh2+ 71. Ke4 Qh4+ 72. Kf5 Qh5+ 73. Kf4 Qh6+ 74. Kf5 Qf8+ 75. Kg4 Qg8+ 76. Kf5 Qf7+ 77. Kg4 Qe6+ 78. Kf4 Qh6+ 79. Kg4 Qg6+ 80. Kf3 Qf5+ 81. Kg3 Qg5+ 82. Kf3 Qh5+ 83. Kg3 Qh6 84. a4 Qg6+ 85. Kf3 Qf5+ 86. Kg3 Qg6+ 87. Kf4 Qf7+ 88. Kg4 Qg8+ 89. Kf5 Qe8 90. a5 Ke2 91. Qc4+ Kf2 92. Qf4+ Ke1 93. Qg3+ Kd1 0-1


[Site "https://www.chess.com"]

[Event "Titled Tuesday Blitz April 05 Early 2022"]
[White "Martin Carmona, Gaston Manuel"]
[Black "Moskvin, Anatoly"]
[WhiteFideId "22284567"]
[BlackFideId "24199990"]
[WhiteElo "2146"]
[BlackElo "2079"]
[Result "1-0"]
[Round "09"]
[TimeControl "180+1"]
[Date "2022.04.05"]
[WhiteClock "0:00:20"]
[BlackClock "0:00:01"]

1. d4 d5 2. c4 e6 3. Nf3 c6 4. g3 Nd7 5. Bg2 dxc4 6. O-O b5 7. e4 Bb7 8. Nc3 Bb4 9. Qe2 Ne7 10. a4 a6 11. Bf4 O-O 12. Rfd1 Qb6 13. Be3 Rad8 14. d5 Bc5 15. dxe6 fxe6 16. a5 Qa7 17. Bf4 Ng6 18. Bc7 Qa8 19. Bxd8 Qxd8 20. h4 Qe7 21. e5 Ngxe5 22. Ne4 Ba7 23. Nxe5 Nxe5 24. Kh2 Nd3 25. f4 c5 26. Ng5 Bb8 27. Bxb7 Qxb7 28. Qxe6+ Kh8 29. b3 Nxf4 30. gxf4 Bxf4+ 31. Kg1 Bxg5 32. hxg5 Qf3 33. Rd2 c3 34. Rg2 h6 35. gxh6 Qe3+ 36. Qxe3 1-0


[Site "https://www.chess.com"]

[Event "Titled Tuesday Blitz April 05 Early 2022"]
[White "Matthes, Aaron"]
[Black "Shukhman, Anna"]
[WhiteFideId "16227310"]
[BlackFideId "54180058"]
[WhiteElo "2335"]
[BlackElo "1665"]
[Result "0-1"]
[Round "09"]
[TimeControl "180+1"]
[Date "2022.04.05"]
[WhiteClock "0:00:21"]
[BlackClock "0:00:36"]

1. Nf3 Nf6 2. c4 g6 3. g3 Bg7 4. Bg2 d5 5. cxd5 Nxd5 6. e4 Nb6 7. d4 Bg4 8. Be3 O-O 9. O-O Nc4 10. Nc3 Nxe3 11. fxe3 c5 12. Ne2 Nc6 13. d5 Bxf3 14. Bxf3 Ne5 15. Nc3 b5 16. Nxb5 Rb8 17. Qe2 Qb6 18. a4 a6 19. Na3 Qxb2 20. Nc4 Qxe2 21. Bxe2 Nxc4 22. Bxc4 Bxa1 23. Rxa1 Rb4 24. Bxa6 Ra8 25. Bd3 Raxa4 26. Rc1 c4 27. Be2 Kf8 28. Kf2 Rb2 29. Kf3 Raa2 30. Bxc4 Rf2+ 31. Kg4 Rac2 32. Rxc2 Rxc2 33. Bb5 Rxh2 34. e5 Rb2 35. Bc6 Rb4+ 36. Kf3 f6 37. e6 h5 38. e4 Rb3+ 39. Kf4 g5+ 40. Kf5 Rxg3 41. e5 Rf3+ 42. Kg6 h4 43. d6 Rd3 44. dxe7+ Kxe7 45. exf6+ Kxe6 46. f7 Ke7 47. Kg7 Rd8 48. Bd5 g4 49. Bh1 h3 50. Kg6 g3 51. Kg5 0-1


[Site "https://www.chess.com"]

[Event "Titled Tuesday Blitz April 05 Early 2022"]
[White "Matveeva, Olga"]
[Black "Kouskoutis, Georgios-Alexandros"]
[WhiteFideId "24107018"]
[BlackFideId "4234049"]
[WhiteElo "2083"]
[BlackElo "2130"]
[Result "1-0"]
[Round "09"]
[TimeControl "180+1"]
[Date "2022.04.05"]
[WhiteClock "0:00:20"]
[BlackClock "0:00:01"]

1. d4 Nf6 2. c4 e6 3. g3 c5 4. d5 exd5 5. cxd5 d6 6. Nc3 g6 7. Bg2 Bg7 8. Nf3 O-O 9. O-O a6 10. a4 Re8 11. Nd2 Nbd7 12. h3 Rb8 13. Nc4 Ne5 14. Na3 Nh5 15. e4 c4 16. Be3 Bd7 17. a5 Nd3 18. Nxc4 Nxb2 19. Nxb2 Bxc3 20. Bb6 Qf6 21. Nc4 Bb5 22. e5 dxe5 23. Rc1 Bxc4 24. Rxc3 Bxf1 25. Qxf1 e4 26. Rc7 Rbd8 27. Qc4 e3 28. fxe3 Nxg3 29. Rxb7 Qa1+ 30. Kh2 Nf5 31. Bxd8 Rxd8 32. Qf4 Qf6 33. Rb6 Qe7 34. Rxa6 Nd6 35. Rc6 Nf5 36. a6 Nxe3 37. Be4 f5 38. Bf3 1-0


[Site "https://www.chess.com"]

[Event "Titled Tuesday Blitz April 05 Early 2022"]
[White "Mikhnenko, Alexander"]
[Black "Khamdamova, Afruza"]
[WhiteFideId "34143014"]
[BlackFideId "14210444"]
[WhiteElo "2117"]
[BlackElo "1660"]
[Result "0-1"]
[Round "09"]
[TimeControl "180+1"]
[Date "2022.04.05"]
[WhiteClock "0:01:41"]
[BlackClock "0:00:27"]

1. e4 e5 2. Nf3 Nf6 3. Nxe5 d6 4. Nf3 Nxe4 5. d4 d5 6. Bd3 Nc6 7. O-O Be7 8. c4 Nf6 9. Nc3 Bg4 10. cxd5 Nxd5 11. Bc4 Nb6 12. Bb3 O-O 13. Be3 Bf6 14. h3 Bh5 15. d5 Ne5 16. g4 Nxf3+ 17. Qxf3 Bg6 18. Qg2 Bd3 19. Rfd1 Bc4 20. g5 Bxc3 21. bxc3 Be2 22. Rd4 Nd7 23. d6 Ne5 24. f4 Nf3+ 25. Kf2 Nxd4 26. Bxd4 Bh5 27. f5 Qxd6 28. Kg1 Rae8 29. Rf1 Re2 30. Rf2 Rfe8 31. g6 hxg6 32. f6 gxf6 33. Rxe2 Rxe2 34. Qxb7 Qg3+ 35. Kf1 Re1# 0-1


[Site "https://www.chess.com"]

[Event "Titled Tuesday Blitz April 05 Early 2022"]
[White "Miszler, Levente"]
[Black "Butti, Enrique"]
[WhiteFideId "763276"]
[BlackFideId "3700470"]
[WhiteElo "1966"]
[BlackElo "2080"]
[Result "1-0"]
[Round "09"]
[TimeControl "180+1"]
[Date "2022.04.05"]
[WhiteClock "0:00:46"]
[BlackClock "0:00:27"]

1. Nf3 c5 2. e4 d6 3. Bb5+ Bd7 4. Bxd7+ Qxd7 5. c4 Nc6 6. Nc3 Nf6 7. d4 cxd4 8. Nxd4 e6 9. Be3 Be7 10. Nxc6 Qxc6 11. Qd3 Rc8 12. b3 a6 13. Rc1 O-O 14. O-O Rfd8 15. Rfd1 Nd7 16. f3 Nc5 17. Qe2 Bf6 18. Bd4 Bxd4+ 19. Rxd4 Rd7 20. Rcd1 Rcd8 21. Qf2 b5 22. cxb5 axb5 23. Ne2 e5 24. Rd5 b4 25. Ng3 g6 26. Nf1 Ra8 27. Ne3 Rda7 28. Rxd6 Qc7 29. R6d2 Ne6 30. Nc4 Nd4 31. Nxe5 Qxe5 32. Qxd4 1-0


[Site "https://www.chess.com"]

[Event "Titled Tuesday Blitz April 05 Early 2022"]
[White "Mogirzan, Matei-Valeriu"]
[Black "Van den Dikkenberg, Erik"]
[WhiteFideId "1257455"]
[BlackFideId "1005880"]
[WhiteElo "1733"]
[BlackElo "2118"]
[Result "1-0"]
[Round "09"]
[TimeControl "180+1"]
[Date "2022.04.05"]
[WhiteClock "0:00:01"]
[BlackClock "0:00:13"]

1. f3 e5 2. Kf2 d5 3. e3 Bc5 4. g3 h5 5. Kg2 h4 6. g4 f5 7. h3 fxg4 8. hxg4 Nc6 9. c3 Be6 10. d4 exd4 11. exd4 Bd6 12. f4 Qf6 13. f5 Bd7 14. Bd3 O-O-O 15. Nh3 Nxd4 16. Bg5 Qe5 17. Bf4 Qf6 18. g5 Qf8 19. cxd4 Bxf5 20. Bxf5+ Qxf5 21. Bxd6 Rxd6 22. Qf3 Qc2+ 23. Nf2 Ne7 24. Nc3 Ng6 25. Rac1 Qxb2 26. Rb1 Qc2 27. Rhc1 h3+ 28. Kh1 Qd2 29. Nxd5 Rf8 30. Rxc7+ Kd8 31. Rbxb7 Qc1+ 32. Rxc1 Rxf3 33. Rxg7 Nh4 34. Rb1 Rf8 35. Rb8# 1-0


[Site "https://www.chess.com"]

[Event "Titled Tuesday Blitz April 05 Early 2022"]
[White "Mokshanov, Alexey"]
[Black "Mkrtchyan, Mariam"]
[WhiteFideId "24121657"]
[BlackFideId "13310828"]
[WhiteElo "2141"]
[BlackElo "1984"]
[Result "0-1"]
[Round "09"]
[TimeControl "180+1"]
[Date "2022.04.05"]
[WhiteClock "0:01:43"]
[BlackClock "0:01:55"]

1. e4 c6 2. d4 d5 3. e5 Bf5 4. h4 h5 5. c4 e6 6. Nc3 Ne7 7. Nge2 Nd7 8. Bg5 dxc4 9. Ng3 f6 10. exf6 gxf6 11. Be3 Nb6 12. Nxh5 Ned5 13. Qf3 Rg8 14. Rg1 Bg4 0-1


[Site "https://www.chess.com"]

[Event "Titled Tuesday Blitz April 05 Early 2022"]
[White "Nguyen Hong Nhung"]
[Black "Kosteniuk, Alexandra"]
[WhiteFideId "12412201"]
[BlackFideId "4128125"]
[WhiteElo "1758"]
[BlackElo "2469"]
[Result "1-0"]
[Round "09"]
[TimeControl "180+1"]
[Date "2022.04.05"]
[WhiteClock "0:00:06"]
[BlackClock "0:00:12"]

1. e4 c6 2. d4 d5 3. f3 e6 4. Nc3 Bb4 5. Bf4 Ne7 6. Qd2 O-O 7. O-O-O Ng6 8. Be3 b5 9. h4 Qa5 10. Nge2 Bxc3 11. Nxc3 b4 12. Nb1 Na6 13. h5 Ne7 14. a3 Rb8 15. h6 g6 16. Bf4 Rb7 17. Bd6 Rd8 18. Bxa6 Qxa6 19. Qg5 Kf8 20. Bxb4 Rxb4 21. axb4 Ke8 22. Qf6 Qe2 23. Rhe1 Qxg2 24. Qh8+ Kd7 25. Qxh7 Qg5+ 26. Nd2 Qf6 27. e5 Qf4 28. c3 Ba6 29. Qg7 Bd3 30. h7 Qh4 31. Rh1 Qf2 32. h8=Q Bf5 33. Qxd8+ Kxd8 34. Rh8+ Kd7 35. Qxf7 Qe2 36. Qe8+ Kc7 37. Qxe7+ Kb6 38. Rb8+ Ka6 39. Qb7# 1-0


[Site "https://www.chess.com"]

[Event "Titled Tuesday Blitz April 05 Early 2022"]
[White "Noboa Silva, Kevin"]
[Black "Stribuk, Artiom"]
[WhiteFideId "3618471"]
[BlackFideId "13515659"]
[WhiteElo "2172"]
[BlackElo "2259"]
[Result "0-1"]
[Round "09"]
[TimeControl "180+1"]
[Date "2022.04.05"]
[WhiteClock "0:00:01"]
[BlackClock "0:00:34"]

1. d4 c5 2. d5 Nf6 3. Nc3 g6 4. e4 d6 5. Bb5+ Nbd7 6. a4 Bg7 7. Nf3 O-O 8. O-O a6 9. Bd3 Qc7 10. Qe2 b5 11. axb5 Nb6 12. Nd2 axb5 13. Rxa8 Nxa8 14. Bxb5 Nb6 15. Re1 Bg4 16. Qd3 Ra8 17. h3 Bd7 18. Nc4 Nxc4 19. Qxc4 Qb7 20. Bg5 Rb8 21. Bxd7 Nxd7 22. Bxe7 Ne5 23. Qb3 Qc7 24. Bxd6 Qxd6 25. Qa4 Nd7 26. Nb5 Qb6 27. c4 Bxb2 28. Rd1 Be5 29. g3 g5 30. Qc2 Ra8 31. Qc1 Qf6 32. Kg2 Ra2 33. Rf1 h5 34. Qe3 h4 35. gxh4 gxh4 36. Kh1 Kf8 37. d6 Bxd6 38. f4 Qb2 0-1


[Site "https://www.chess.com"]

[Event "Titled Tuesday Blitz April 05 Early 2022"]
[White "Pacheco Lugo, Alejandro Jose"]
[Black "Tuleyeva-Aketayeva, Dana"]
[WhiteFideId "3903745"]
[BlackFideId "13701932"]
[WhiteElo "2146"]
[BlackElo "1875"]
[Result "1-0"]
[Round "09"]
[TimeControl "180+1"]
[Date "2022.04.05"]
[WhiteClock "0:02:03"]
[BlackClock "0:00:04"]

1. e4 c5 2. Nf3 Nc6 3. d4 cxd4 4. Nxd4 g6 5. c4 Bg7 6. Be3 Nf6 7. Nc3 O-O 8. Be2 d6 9. O-O a5 10. h3 Bd7 11. Ndb5 a4 12. a3 Ne8 13. Nxa4 Nc7 14. Bb6 Rc8 15. Nac3 Ne5 16. Nxc7 Rxc7 17. Nd5 Nc6 18. Rb1 f5 19. exf5 Bxf5 20. Bd3 Bxd3 21. Qxd3 Ne5 22. Qe2 e6 23. Nxc7 Rf7 24. Nd5 Qg5 25. f4 Rxf4 26. Nxf4 1-0


[Site "https://www.chess.com"]

[Event "Titled Tuesday Blitz April 05 Early 2022"]
[White "Pesotskiy, Mikhail"]
[Black "Vokarev, Sergey"]
[WhiteFideId "34164453"]
[BlackFideId "4119711"]
[WhiteElo "2010"]
[BlackElo "2343"]
[Result "0-1"]
[Round "09"]
[TimeControl "180+1"]
[Date "2022.04.05"]
[WhiteClock "0:00:08"]
[BlackClock "0:01:16"]

1. c4 e5 2. g3 Nf6 3. Bg2 d5 4. cxd5 Nxd5 5. Nc3 Nb6 6. Nf3 Nc6 7. O-O Be7 8. d3 O-O 9. Be3 Be6 10. Rc1 f6 11. Ne4 Qd7 12. Nc5 Bxc5 13. Bxc5 Rfd8 14. a3 a5 15. Nd2 Bd5 16. Bxb6 cxb6 17. Nc4 Bxg2 18. Kxg2 Ra6 19. Kg1 b5 20. Ne3 Nd4 21. Rc5 Rc6 22. Rd5 Qc7 23. b4 a4 24. Qd2 Rc8 25. Qa2 Kf8 26. h4 h5 27. Re1 b6 28. Qa1 Nxe2+ 29. Rxe2 Rc1+ 30. Qxc1 Qxc1+ 31. Kg2 Qxa3 32. Rxb5 Qxd3 0-1


[Site "https://www.chess.com"]

[Event "Titled Tuesday Blitz April 05 Early 2022"]
[White "Petrova, Irina"]
[Black "Baker, Chris W"]
[WhiteFideId "14124122"]
[BlackFideId "401676"]
[WhiteElo "1993"]
[BlackElo "2137"]
[Result "0-1"]
[Round "09"]
[TimeControl "180+1"]
[Date "2022.04.05"]
[WhiteClock "0:00:07"]
[BlackClock "0:00:23"]

1. e4 e5 2. Nf3 Nc6 3. Bb5 a6 4. Ba4 Nf6 5. d3 b5 6. Bb3 Be7 7. Nc3 h6 8. Nd5 d6 9. Nxe7 Nxe7 10. h3 O-O 11. a4 Be6 12. c3 c5 13. Bxe6 fxe6 14. axb5 axb5 15. Rxa8 Qxa8 16. Qb3 c4 17. Qxb5 cxd3 18. Qxd3 Qxe4+ 19. Qxe4 Nxe4 20. O-O Nc6 21. Nd2 Nxd2 22. Bxd2 e4 23. b4 d5 24. Rb1 Rb8 25. b5 Na5 26. Bf4 Rb7 27. b6 Nc4 28. Bc7 Kf7 29. Rb4 Ke8 30. Kf1 Kd7 31. Ke2 Kc6 32. Rxc4+ dxc4 33. Ke3 Kd5 34. Kf4 g6 35. h4 e5+ 36. Ke3 g5 37. hxg5 hxg5 38. g4 Kc6 39. Kxe4 Kb5 40. Kxe5 Ka4 41. Kf5 Kb3 42. Be5 Rxb6 43. Kxg5 Rb5 44. f4 Kc2 0-1


[Site "https://www.chess.com"]

[Event "Titled Tuesday Blitz April 05 Early 2022"]
[White "Pires, Marcos Vinicius Torsani"]
[Black "Zavgorodniy, Sergiy"]
[WhiteFideId "2118939"]
[BlackFideId "14110148"]
[WhiteElo "2273"]
[BlackElo "2420"]
[Result "0-1"]
[Round "09"]
[TimeControl "180+1"]
[Date "2022.04.05"]
[WhiteClock "0:00:04"]
[BlackClock "0:01:18"]

1. e4 c5 2. c3 d5 3. exd5 Qxd5 4. d4 cxd4 5. cxd4 Nc6 6. Nf3 e5 7. Nc3 Bb4 8. Be2 exd4 9. O-O Qd8 10. Nb5 Nf6 11. Nfxd4 Nxd4 12. Qxd4 Qxd4 13. Nxd4 O-O 14. Bf3 Rd8 15. Nb3 a5 16. Be3 a4 17. Nd4 Nd5 18. Bg5 f6 19. Bh4 Nf4 20. Rfd1 Bc5 21. Nb5 Bf5 22. Bg3 Nd3 23. Bxb7 Ra5 24. Nc3 a3 25. bxa3 Rxa3 26. Ne4 Bd4 27. Rab1 Nc5 28. Nxc5 Bxb1 29. Ne6 Bxf2+ 30. Kxf2 Rxd1 0-1


[Site "https://www.chess.com"]

[Event "Titled Tuesday Blitz April 05 Early 2022"]
[White "Pischal, Yulia"]
[Black "Muradov, Soltan"]
[WhiteFideId "14102390"]
[BlackFideId "14002108"]
[WhiteElo "1931"]
[BlackElo "1854"]
[Result "0-1"]
[Round "09"]
[TimeControl "180+1"]
[Date "2022.04.05"]
[WhiteClock "0:00:35"]
[BlackClock "0:00:18"]

1. e4 e5 2. Nc3 Nc6 3. g3 g6 4. Bg2 Bg7 5. Nge2 Nge7 6. O-O d6 7. f4 f5 8. exf5 Nxf5 9. d3 O-O 10. Bd2 Bd7 11. Ne4 exf4 12. Nxf4 Nfd4 13. c3 Nf5 14. Qb3+ Kh8 15. Ne6 Bxe6 16. Qxe6 Qe7 17. Qb3 Rab8 18. Rae1 Qd7 19. Ng5 Ne5 20. d4 Nc6 21. Bh3 Na5 22. Qe6 Qxe6 23. Nxe6 Rf7 24. Bg5 h6 25. Bxf5 Rxf5 26. Rxf5 gxf5 27. Nxg7 Kxg7 28. Re7+ Kg6 29. Bf4 Rc8 30. Re6+ Kf7 31. Rxh6 Nc4 32. b3 Na3 33. Rh7+ Kg6 34. Rh6+ Kf7 35. Bd2 Re8 36. Kf2 Kg7 37. Rh4 a5 38. Rf4 Kg6 39. h4 a4 40. Kf3 Nb1 41. Be3 Nxc3 42. bxa4 Nd5 43. h5+ Kf6 44. h6 Rxe3+ 45. Kf2 Nxf4 46. Kxe3 Nd5+ 47. Kd3 Kg6 48. Kc4 c6 49. a5 Kxh6 50. a6 bxa6 51. Kb3 Kg5 52. Ka4 Kg4 53. Ka5 Kxg3 54. Kxa6 f4 55. Kb7 Nb4 56. Kc7 f3 57. Kxd6 Nxa2 58. Kxc6 f2 59. d5 f1=Q 60. d6 Nc3 61. d7 Qb5+ 62. Kd6 Qd5+ 63. Ke7 Qe5+ 64. Kf8 Qd6+ 65. Ke8 Qe6+ 66. Kd8 Nb5 67. Kc8 Qa6+ 68. Kd8 Qd6 69. Ke8 Nc7+ 70. Kf7 Qxd7+ 71. Kf8 Qd1 0-1


[Site "https://www.chess.com"]